 Dungeon Crawl Stone Soup version 0.24-a0-251-g44e327ef01 (webtiles) character file.

Game seed: 13615426887075062132

42284 Redear the Blocker (level 14, -6/99 HPs)
             Began as an Octopode Fighter on Apr 16, 2019.
             Was the Champion of Zin.
             Mangled by a ten-headed hydra (9 damage)
             ... on level 3 of the Lair of Beasts.
             The game lasted 01:02:26 (18648 turns).

Redear the Blocker (Octopode Fighter)              Turns: 18648, Time: 01:02:26

Health: -6/99      AC:  4    Str: 16    XL:     14   Next: 19%
Magic:  18/18      EV: 18    Int: 13    God:    Zin [******]
Gold:   979        SH: 28    Dex: 17    Spells: 10/13 levels left

rFire    + . .     SeeInvis +   n - +6 long sword
rCold    + + .     Gourm    .   B - +10 large shield of Ignorance {rN+ Int-4}
rNeg     + . .     Faith    .   t - +3 crown of Dyrovepreva {rElec Int+2 SInv}
rPois    .         Spirit   .   U - amulet of rage {+Rage}
rElec    +         Reflect  .   y - +5 ring of slaying
rCorr    .         Harm     .   f - ring of protection from fire {rF+}
MR       +....                  (no ring)
Stlth    +++++++...             x - ring of stealth {Stlth+}
HPRegen  0.26/turn              s - ring of see invisible {SInv}
MPRegen  0.16/turn              c - ring of protection from cold {rC+}
                                p - ring of Hazut {*Slow rC+ Dex+3 Slay+4}
                                v - +3 ring of intelligence

@: invisible
A: almost no armour, stealthy swim, amphibious, 8 rings, constrict 8, camouflage
1, gelatinous body 1
a: Recite, Vitalisation, Imprison, Sanctuary, Donate Gold, Renounce Religion,
Evoke Berserk Rage


You were on level 3 of the Lair of Beasts.
You worshipped Zin.
Zin was exalted by your worship.
You were not hungry.

You visited 3 branches of the dungeon, and saw 19 of its levels.
You also visited: Sewer, Ossuary and Gauntlet.

You collected 1370 gold pieces.
You spent 264 gold pieces at shops.
You donated 127 gold pieces to Zin.

Inventory:

Hand Weapons
 a - a +2 rapier of venom
 n - a +6 long sword (weapon)
 u - a +0 short sword of flaming
 V - the +3 trident of Taff {flame, rElec Str+2}
   (You found it on level 1 of the Lair of Beasts)

   It has been specially enchanted to burn those struck by it, causing extra
   injury to most foes and up to half again as much damage against particularly
   susceptible opponents.
   It affects your strength (+2).
   It insulates you from electricity.
Missiles
 Z - 2 throwing nets (quivered) {+f}
Armour
 b - a +0 shield
 t - the +3 crown of Dyrovepreva (worn) {rElec Int+2 SInv}
   (You found it in a sewer)

   It affects your intelligence (+2).
   It insulates you from electricity.
   It lets you see invisible.
 B - the +10 large shield of Ignorance (worn) {rN+ Int-4}
   (You found it on level 1 of the Lair of Beasts)

   It affects your intelligence (-4).
   It protects you from negative energy.
Jewellery
 c - a ring of protection from cold (on tentacle) {rC+}
 f - a ring of protection from fire (right tentacle) {rF+}
 p - the ring of Hazut (on tentacle) {*Slow rC+ Dex+3 Slay+4}
   (You found it in a Gauntlet)

   [ring of protection from cold]

   It affects your dexterity (+3).
   It affects your accuracy and damage with ranged weapons and melee attacks
   (+4).
   It protects you from cold.
   It may slow you when you take damage.
 s - a ring of see invisible (on tentacle) {SInv}
 v - a +3 ring of intelligence (on tentacle)
 x - a ring of stealth (on tentacle) {Stlth+}
 y - a +5 ring of slaying (left tentacle)
 U - an amulet of rage (around mantle) {+Rage}
Wands
 D - a wand of digging (5)
 E - a wand of enslavement (10)
 S - a wand of scattershot (8)
Scrolls
 h - a scroll of noise {unknown}
 i - 6 scrolls of amnesia
 j - a scroll of immolation {unknown}
 m - a scroll of enchant weapon {unknown}
 o - 5 scrolls of enchant armour
 q - 2 scrolls of random uselessness {unknown}
 r - 2 scrolls of acquirement {unknown}
 w - 3 scrolls of silence
 F - a scroll of fear {unknown}
 J - a scroll of fog {unknown}
 L - 2 scrolls of torment {unknown}
 M - 4 scrolls of magic mapping
 N - 9 scrolls of remove curse {@r2}
 R - a scroll of identify {@r1}
 T - 2 scrolls of teleportation {@r3}
Potions
 d - 3 potions of mutation {!q}
 e - a potion of lignification
 g - 4 potions of agility {Stlth+ Dex+5 EV+5 | @q4}
 k - 2 potions of might {Str+5 DMG+1d10 | @q3}
 l - 3 potions of flight
 A - 2 potions of magic
 C - a potion of resistance {rF+ rC+ rPois rElec rCorr}
 G - a potion of berserk rage {unknown}
 H - 3 potions of haste {@q5}
 I - 2 potions of brilliance {Archmagi Int+5 Wiz++}
 O - 2 potions of invisibility
 P - a potion of ambrosia
 Q - 6 potions of curing {@q2}
 Y - 2 potions of cancellation {unknown}
Miscellaneous
 W - a sack of spiders
 X - a phial of floods
Comestibles
 z - 28 rations


   Skills:
 - Level 10.5 Fighting
 - Level 11.3 Long Blades
 - Level 10.5 Dodging
 - Level 10.0 Stealth
 + Level 12.2 Shields
 - Level 4.0 Conjurations
 - Level 4.0 Air Magic
 - Level 4.0 Poison Magic
 - Level 6.0 Invocations


You had 10 spell levels left.
You knew the following spells:

 Your Spells              Type           Power        Failure   Level  Hunger
m - Mephitic Cloud        Conj/Pois/Air  ##......     67%         3    ####...

Your spell library contained the following spells:

 Spells                   Type           Power        Failure   Level  Hunger
 Magic Dart               Conj           ##..         30%         1    ##.....
 Sting                    Conj/Pois      ##..         30%         1    ##.....
 Poisonous Vapours        Pois/Air       ##....       43%         2    ###....
 Searing Ray              Conj           ##....       43%         2    ###....
 Confusing Touch          Hex            #.....       85%         1    ##.....
 Dazzling Spray           Conj/Hex       #.....       91%         3    ####...
 Iskenderun's Mystic Bla  Conj           ##......     97%         4    #####..
 Olgreb's Toxic Radiance  Pois           ##......     97%         4    #####..
 Confuse                  Hex            #.......     99%         3    ####...
 Gell's Gravitas          Tloc           #.........   99%         3    ####...
 Force Lance              Conj/Tloc      #.......     100%        4    #####..
 Fulminant Prism          Conj/Hex       #.........   100%        4    #####..
 Petrify                  Tmut/Erth      #.......     100%        4    #####..
 Metabolic Englaciation   Hex/Ice        #.........   100%        5    ######.
 Venom Bolt               Conj/Pois      ##........   100%        5    ######.
 Yara's Violent Unravell  Hex/Tmut       #.........   100%        5    ######.


Dungeon Overview and Level Annotations

Branches:
Dungeon (15/15)            Temple (0/1) D:6            Lair (3/6) D:11
  Swamp (0/4) Lair:2       Spider (0/4) Lair:2          Orc (1/2) D:12
 Vaults (0/5) D:14
 Depths: D:15

Altars:
Ashenzari
Cheibriados
Dithmenos
Elyvilon
Gozag
Hepliaklqana
Okawaru
Qazlal
Ru
Sif Muna
Uskayaw
Vehumet
Wu Jian
Zin
The Shining One

Shops:
D:11 :   D:12 !

Annotations:
D:11 Snorg
D:12 exclusion: dancing weapon


Innate Abilities, Weirdness & Mutations

You cannot wear most types of armour.
You are very stealthy in the water. (Stealth+)
You are amphibious.
You can wear up to eight rings at the same time.
You can use your tentacles to constrict eight enemies at once.
Your skin changes colour to match your surroundings (Stealth+).
Your rubbery body absorbs attacks. (AC +1, EV +1)


Message History

Okay, then.
Okay, then.
Okay, then.
Okay, then.
Unknown command.
Unknown command.
Unknown command.
Okay, then.
You fade into invisibility!
You block the ten-headed hydra's attack.
The ten-headed hydra misses you. The ten-headed hydra barely misses you.
The ten-headed hydra closely misses you.
You block the ten-headed hydra's attack.
The ten-headed hydra bites you!
* * * LOW HITPOINT WARNING * * *
The ten-headed hydra misses you.
You block the ten-headed hydra's attack.
The ten-headed hydra completely misses you.
The ten-headed hydra bites you!
You die...

#............P#
...........#.#
#.............###
....#..............
........P.....# ....
.....=....#%...#.....
...........##.......#
.............##D...###
...............@..%##
................####
..............(###
..............##
..............#
...........###......
.........####........#
##.....#.#............
..#P.....###.............


You could see a ten-headed hydra.

Vanquished Creatures
  Agnes (D:14)
  Harold (D:12)
  A centaur warrior (D:14)
  4 two-headed ogres
  2 dancing weapons (D:14)
  A fire crab (Gauntlet)
  2 unseen horrors
  A wizard (D:12)
  2 orc knights (D:12)
  Pikel (D:5)
  2 manticores
  10 ugly things
  3 cyclopes
  3 deep elf magi
  An elephant (D:11)
  A black mamba (Lair:1)
  Joseph (D:7)
  5 spiny frogs
  A torpor snail (Gauntlet)
  5 centaur skeletons
  4 komodo dragons (Lair:1)
  2 freezing wraiths
  A harpy zombie (D:15)
  2 trolls
  A tyrant leech (Lair:2)
  10 blink frogs
  5 hornets
  7 hippogriffs
  2 wraiths
  2 redbacks (Lair:2)
  A shadow (D:12)
  11 yaks
  3 wyverns
  4 fire bats (Gauntlet)
  2 vampire mosquitoes (D:14)
  A basilisk (D:11)
  A hungry ghost (D:10)
  2 steam dragons
  Edmund (D:4)
  A warg (Orc:1)
  A soldier ant (D:14)
  3 swamp worms (Lair:2)
  A hell hound (Gauntlet)
  3 porcupines
  6 water moccasins
  4 sky beasts
  6 ice beasts
  8 orc warriors
  A phantom (D:9)
  A necrophage (D:8)
  3 centaurs
  9 wolves
  7 ogres
  7 crocodiles
  2 big kobolds
  3 elf zombies (Ossuary)
  15 bullfrogs
  4 scorpions
  6 killer bees (D:11)
  6 howler monkeys
  8 wights
  5 crimson imps
  3 centaur zombies
  A bullfrog zombie (D:9)
  A wyvern simulacrum (D:14)
  2 bullfrog skeletons
  4 orc priests
  A gnoll shaman (D:8)
  7 hounds
  7 jellies
  Jessica (D:3)
  Ijyb (D:5)
  8 orc wizards
  11 worker ants
  A killer bee zombie (D:9)
  A big kobold zombie (Ossuary)
  3 hound zombies
  4 hound skeletons
  4 mummies (Ossuary)
  A worker ant zombie (D:11)
  Robin (D:4)
  A howler monkey skeleton (D:5)
  11 gnolls
  15 adders
  4 shadow imps
  An adder zombie (Ossuary)
  2 oozes
  2 adder skeletons (D:4)
  3 worms
  5 dart slugs
  8 leopard geckos
  42 orcs
  13 giant cockroaches
  14 goblins
  18 hobgoblins
  10 jackals
  4 quokkas
  4 ball pythons
  7 bats
  13 frilled lizards
  A gnoll zombie (Ossuary)
  2 goblin zombies
  A hobgoblin zombie (Ossuary)
  2 jackal skeletons
  12 kobolds
  A kobold zombie (Ossuary)
  An orc zombie (Ossuary)
  A quokka skeleton (D:5)
  11 rats
  A rat zombie (D:6)
  A butterfly (D:6)
493 creatures vanquished.

Notes
Turn   | Place    | Note
-------+----------+-------------------------------------------
     0 | D:1      | Redear the Octopode Fighter began the quest for the Orb.
     0 | D:1      | Reached XP level 1. HP: 16/16 MP: 1/1
    53 | D:1      | Reached XP level 2. HP: 21/21 MP: 2/2
    73 | D:1      | Reached skill level 1 in Stealth
   240 | D:1      | Reached XP level 3. HP: 23/26 MP: 3/3
   414 | D:1      | HP: 2/26 [hobgoblin/+0 club (3)]
   951 | D:2      | Reached skill level 2 in Stealth
  1237 | D:2      | Reached XP level 4. HP: 17/31 MP: 4/4
  1517 | D:2      | Found a snail-covered altar of Cheibriados.
  1744 | D:3      | Found a stormy altar of Qazlal.
  2141 | D:3      | Reached XP level 5. HP: 31/36 MP: 5/5
  2212 | D:3      | Found a glowing drain.
  2220 | Sewer    | Entered a sewer
  2228 | Sewer    | Reached skill level 3 in Stealth
  2299 | Sewer    | Reached skill level 3 in Long Blades
  2316 | Sewer    | Found the +3 crown of Dyrovepreva {rElec Int+2 SInv}
  2319 | Sewer    | Reached skill level 4 in Fighting
  2319 | Sewer    | Reached skill level 4 in Dodging
  2319 | Sewer    | Reached XP level 6. HP: 37/43 MP: 6/6
  2323 | Sewer    | Reached skill level 4 in Shields
  2542 | D:3      | Noticed Jessica
  2544 | D:3      | Killed Jessica
  2551 | D:3      | Reached skill level 4 in Stealth
  2691 | D:3      | Found a glowing silver altar of Zin.
  2692 | D:3      | Found an opulent altar of Gozag.
  2709 | D:3      | Became a worshipper of Zin the Law-Giver
  2709 | D:3      | Reached * piety under Zin
  2745 | D:4      | Noticed Edmund
  2775 | D:4      | Killed Edmund
  2775 | D:4      | Reached XP level 7. HP: 32/49 MP: 7/7
  2940 | D:4      | Reached skill level 4 in Long Blades
  2940 | D:4      | Reached skill level 5 in Stealth
  3127 | D:4      | Reached ** piety under Zin
  3163 | D:4      | Noticed Robin
  3176 | D:4      | Killed Robin
  3250 | D:4      | Found a radiant altar of Vehumet.
  3404 | D:5      | Entered Level 5 of the Dungeon
  3411 | D:5      | Reached XP level 8. HP: 52/54 MP: 8/8
  3435 | D:5      | Reached skill level 5 in Dodging
  3477 | D:5      | Found a sacrificial altar of Ru.
  3527 | D:5      | Noticed Ijyb
  3534 | D:5      | Killed Ijyb
  3619 | D:5      | Reached skill level 5 in Fighting
  3619 | D:5      | Reached skill level 5 in Shields
  3629 | D:5      | Found a glowing golden altar of the Shining One.
  3720 | D:5      | You fall through a shaft!
  3720 | D:6      | Found a staircase to the Ecumenical Temple.
  3721 | D:6      | Reached skill level 6 in Stealth
  3811 | D:6      | Reached skill level 5 in Long Blades
  3892 | D:6      | Reached *** piety under Zin
  3904 | D:6      | Found a sand-covered staircase.
  3919 | Ossuary  | Entered an ossuary
  3948 | Ossuary  | Reached XP level 9. HP: 34/62 MP: 9/9
  4088 | Ossuary  | Reached skill level 6 in Dodging
  4102 | Ossuary  | Reached **** piety under Zin
  4119 | Ossuary  | Reached skill level 6 in Shields
  4195 | Ossuary  | Reached skill level 6 in Fighting
  4803 | D:5      | Noticed a -1 dagger
  4803 | D:5      | Noticed a +0 dagger
  4804 | D:5      | Found a hide-covered altar of Uskayaw.
  4820 | D:5      | Noticed Pikel
  4881 | D:5      | Killed Pikel
  4881 | D:5      | Reached skill level 6 in Long Blades
  4914 | D:5      | Found a white marble altar of Elyvilon.
  4914 | D:5      | Found a shadowy altar of Dithmenos.
  4914 | D:5      | Found a hazy altar of Hepliaklqana.
  4959 | D:5      | Found an iron altar of Okawaru.
  5073 | D:5      | Found a shattered altar of Ashenzari.
  5443 | D:7      | Noticed Joseph
  5535 | D:7      | Reached ***** piety under Zin
  5840 | D:7      | Killed Joseph
  5840 | D:7      | Reached skill level 7 in Fighting
  5840 | D:7      | Reached skill level 7 in Dodging
  5840 | D:7      | Reached skill level 7 in Shields
  5978 | D:8      | Reached XP level 10. HP: 61/71 MP: 10/10
  6012 | D:8      | Reached skill level 7 in Long Blades
  6183 | D:8      | Found an ornate altar of the Wu Jian Council.
  6233 | D:8      | Found a shattered altar of Ashenzari.
  7027 | D:9      | Reached skill level 8 in Dodging
  7050 | D:9      | Reached skill level 8 in Fighting
  7050 | D:9      | Reached skill level 8 in Shields
  7071 | D:9      | HP: 3/72 [ice beast (21)]
  7095 | D:9      | Reached skill level 1 in Invocations
  7383 | D:10     | Entered Level 10 of the Dungeon
  7599 | D:10     | Reached skill level 2 in Invocations
  7624 | D:10     | Reached skill level 8 in Long Blades
  7698 | D:10     | Reached XP level 11. HP: 71/78 MP: 12/12
  7990 | D:10     | Paralysed by a hornet for 2 turns
  8394 | D:10     | Noticed a two-headed ogre
  8405 | D:10     | Killed a two-headed ogre
  8405 | D:10     | Reached skill level 3 in Invocations
  8494 | D:10     | Found a shadowy altar of Dithmenos.
  8495 | D:10     | Noticed a two-headed ogre
  8507 | D:10     | Killed a two-headed ogre
  8856 | D:11     | Noticed a cyclops
  8886 | D:11     | Noticed a purple ugly thing
  8894 | D:11     | Killed a purple ugly thing
  8931 | D:11     | Noticed a manticore
  8939 | D:11     | Killed a manticore
  8939 | D:11     | Reached skill level 9 in Dodging
  8962 | D:11     | Reached ****** piety under Zin
  8982 | D:11     | Reached skill level 9 in Fighting
  8988 | D:11     | Reached skill level 9 in Shields
  9005 | D:11     | Reached skill level 4 in Invocations
  9019 | D:11     | Killed a cyclops
  9267 | D:11     | Found a gate leading to a gauntlet.
  9272 | Gauntlet | Entered a Gauntlet
  9272 | Gauntlet | Found a transporter.
  9272 | Gauntlet | Found a transporter.
  9272 | Gauntlet | Found a transporter.
  9273 | Gauntlet | Found a transporter.
  9277 | Gauntlet | Found a transporter.
  9277 | Gauntlet | Found a transporter.
  9281 | Gauntlet | Found a runed translucent door.
  9281 | Gauntlet | Found a runed translucent door.
  9282 | Gauntlet | Noticed a necromancer
  9284 | Gauntlet | Found a transporter.
  9285 | Gauntlet | Found a transporter.
  9286 | Gauntlet | Found a transporter.
  9288 | Gauntlet | Found a transporter.
  9290 | Gauntlet | Noticed a fire crab
  9296 | Gauntlet | Found a transporter.
  9300 | Gauntlet | Found a transporter.
  9448 | Gauntlet | Noticed a mana viper
  9448 | Gauntlet | a snapping turtle changed into a mana viper
  9486 | Gauntlet | Noticed a moth of wrath
  9486 | Gauntlet | a yaktaur changed into a moth of wrath
  9497 | Gauntlet | a moth of wrath changed into an eye of devastation
  9811 | Gauntlet | Got a jewelled hat
  9838 | Gauntlet | Reached skill level 9 in Long Blades
  9840 | Gauntlet | Killed a fire crab
  9847 | Gauntlet | Got a slimy ivory ring
  9854 | Gauntlet | Identified the ring of Hazut {*Slow rC+ Dex+3 Slay+4} (You
                  | found it in a Gauntlet)
 10159 | Gauntlet | Noticed a minotaur
 10534 | D:11     | Reached skill level 5 in Invocations
 10543 | D:11     | Found a staircase to the Lair.
 10582 | D:11     | Identified the +1 hat of the Grue {rN+} (You found it in a
                  | Gauntlet)
 10918 | D:11     | Reached XP level 12. HP: 47/86 MP: 15/15
 10952 | D:11     | Found Aneri's Book Shop.
 11217 | D:11     | Noticed Snorg
 11837 | D:12     | Noticed Harold
 12125 | D:12     | Reached skill level 6 in Invocations
 12263 | D:12     | Killed Harold
 12263 | D:12     | Reached skill level 10 in Fighting
 12263 | D:12     | Reached skill level 10 in Dodging
 12263 | D:12     | Reached skill level 10 in Shields
 12505 | D:12     | Paralysed by a hornet for 1 turns
 12732 | D:12     | Found Suralec's Distillery.
 12737 | D:12     | Bought a potion of heal wounds for 60 gold pieces
 12737 | D:12     | Bought a potion of heal wounds for 60 gold pieces
 12737 | D:12     | Bought a potion of agility for 48 gold pieces
 12737 | D:12     | Bought a potion of invisibility for 96 gold pieces
 12746 | D:12     | Found a staircase to the Orcish Mines.
 12782 | D:12     | Reached skill level 10 in Long Blades
 13587 | D:13     | Reached XP level 13. HP: 80/93 MP: 17/17
 14131 | D:14     | Learned a level 3 spell: Mephitic Cloud
 14160 | D:14     | Found a gate to the Vaults.
 14165 | D:14     | Reached skill level 11 in Shields
 14165 | D:14     | Reached skill level 1 in Poison Magic
 14190 | D:14     | Reached skill level 1 in Conjurations
 14190 | D:14     | Reached skill level 1 in Air Magic
 14762 | D:14     | Reached skill level 2 in Poison Magic
 14779 | D:14     | Reached skill level 2 in Conjurations
 14779 | D:14     | Reached skill level 2 in Air Magic
 14831 | D:14     | Reached skill level 7 in Stealth
 14940 | D:14     | Noticed Agnes
 14954 | D:14     | Killed Agnes
 14954 | D:14     | Reached skill level 11 in Long Blades
 14954 | D:14     | Reached skill level 3 in Poison Magic
 15045 | D:15     | Entered Level 15 of the Dungeon
 15076 | D:15     | Found an opulent altar of Gozag.
 15406 | D:15     | Reached skill level 3 in Conjurations
 15418 | D:15     | Reached skill level 3 in Air Magic
 15718 | D:15     | Reached skill level 4 in Poison Magic
 15931 | Orc:1    | Entered Level 1 of the Orcish Mines
 15931 | Orc:1    | Noticed an orc warlord
 15939 | Orc:1    | Reached skill level 8 in Stealth
 15957 | D:12     | HP: 6/93 [orc warrior/+0 short sword[an orc warlord] (18)]
 16096 | Lair:1   | Entered Level 1 of the Lair of Beasts
 16312 | Lair:1   | Found a deep blue altar of Sif Muna.
 16805 | Lair:1   | Reached skill level 4 in Conjurations
 16844 | Lair:1   | Got a faintly glowing trident
 16846 | Lair:1   | Identified the +3 trident of Taff {flame, rElec Str+2} (You
                  | found it on level 1 of the Lair of Beasts)
 17167 | Lair:1   | Reached skill level 4 in Air Magic
 17239 | Lair:1   | Found the +10 large shield of Ignorance {rN+ Int-4}
 17246 | Lair:1   | Reached XP level 14. HP: 99/99 MP: 18/18
 17435 | Lair:2   | Reached skill level 9 in Stealth
 17901 | Lair:2   | Reached skill level 12 in Shields
 17911 | Lair:2   | Found a staircase to the Swamp.
 18327 | Lair:2   | Reached skill level 10 in Stealth
 18395 | Lair:2   | Found a hole to the Spider Nest.
 18645 | Lair:3   | Zin protects you from harm!
 18645 | Lair:3   | Zin protects you from harm!
 18648 | Lair:3   | HP: 3/99 [ten-headed hydra (9)]
 18648 | Lair:3   | Mangled by a ten-headed hydra

Levels and vault maps discovered:
D:1:      mainiacjoe_arrival_reflecting_pool, layout_loops_cross
D:2:      layout_basic, marbit_many_paths, first_ration
D:3:      layout_basic, grunt_temple_overflow_gold_and_silver,
          grunt_qazlal_sundering, gup_sewer_entry_bubbles, wad_orctagon,
          uniq_jessica
D:4:      layout_loops_cross, vehumet_crystals, uniq_edmund, uniq_robin
D:5:      layout_loops_ring, okawaru_altar_gauntlet_db,
          nicolae_tso_swordbearing_angel, dancing_weapons_uskayaw,
          gammafunk_temple_overflow_claw, basic_altar,
          nicolae_ru_sacrificial_ziggurat, uniq_pikel, uniq_ijyb
D:6:      minmay_diamond_boxcup, layout_basic, minmay_temple_entry_butterflies,
          enter_ossuary_4
D:7:      layout_loops_ring, uniq_joseph
D:8:      layout_rooms, old_standard_altar, serial_curves, eino_curves_02,
          eino_curves_01, basic_altar
D:9:      layout_roguey
D:10:     layout_loops_corners, blue_anna_alchemist [blue_anna_fruit_fields,
          blue_anna_fruit_fields], ebering_dispersal_statue_hall,
          grunt_dithmenos_smoke
D:11:     layout_loops_ring, david_lair_generic, gauntlet_entry_generic,
          kennysheep_small_square, uniq_snorg
D:12:     layout_basic, david_orc_3, serial_shops, shop, sword_in_stone
D:13:     layout_loops_ring
D:14:     layout_rooms, erik_vaults_1, serial_corexii_hall,
          chequers_hall_statues_corner_a, corexii_hall_statues_deadend,
          grunt_decor_clamped, uniq_agnes
D:15:     grunt_enter_depths_snipers, layout_cave_pools,
          nicolae_gozag_cash_rules_everything_around_me, lemuel_angel_altar
Lair:1:   layout_cave_shapes, basic_altar
Lair:2:   layout_gridlike, minmay_swamp_entry_worms,
          spider_nest_entry_funnel_web, st_stairs_13, small_statue_intersection,
          lemuel_fruit_tree
Lair:3:   layout_cave_pods
Orc:1:    layout_caves, serial_shops, shop
Sewer:    sewer_frog_island_01
Ossuary:  ossuary_minmay_tomb_2a
Gauntlet: minmay_gauntlet_mixed_big_or_small [nicolae_gauntlet_swirl,
          minmay_gauntlet_arena_77_double_cross,
          nicolae_gauntlet_arena_quarters, minmay_gauntlet_arena_77_shame_cube,
          gammafunk_gauntlet_arena_split_diamond,
          minmay_gauntlet_arena_77_mirror, gauntlet_exit_green]

Skill      XL: |  1  2  3  4  5  6  7  8  9 10 11 12 13 14 |
---------------+-------------------------------------------+-----
Stealth        | 1 2 3 4 5 6 8 10 | 10.0
Long Blades    | 3 4 5 6 8 9 10 11 | 11.3
Fighting       | 4 5 7 8 9 10 | 10.5
Dodging        | 4 5 7 8 9 10 | 10.5
Shields        | 4 5 7 8 9 10 11 12 | 12.2
Invocations    | 2 5 6 |  6.0
Poison Magic   | 4 |  4.0
Conjurations   | 4 |  4.0
Air Magic      | 4 |  4.0

Action                   |  1- 3 |  4- 6 |  7- 9 | 10-12 | 13-15 || total
-------------------------+-------+-------+-------+-------+-------++-------
Melee: Long sword        |    69 |    93 |    58 |       |   178 ||   398
       Constrict         |    23 |    27 |    52 |   100 |    58 ||   260
       Tentacles         |    11 |    15 |    42 |   163 |    92 ||   323
       Short sword       |       |       |   130 |   627 |    41 ||   798
       Rapier            |       |       |       |       |    78 ||    78
Throw: Throwing net      |       |       |       |       |     1 ||     1
 Cast: Mephitic Cloud    |       |       |       |       |     1 ||     1
Invok: Vitalisation      |       |       |       |     9 |     4 ||    13
       Recite            |       |       |       |     1 |     3 ||     4
Evoke: Wand              |       |       |       |    15 |     3 ||    18
       Sack of spiders   |       |       |       |     1 |       ||     1
  Use: Scroll            |       |     4 |     5 |    11 |     3 ||    23
       Potion            |       |       |     1 |    13 |     6 ||    20
 Stab: Sleeping          |     7 |     8 |    19 |    28 |    14 ||    76
       Distracted        |       |       |     1 |     4 |       ||     5
       Invisible         |       |       |       |     1 |       ||     1
       Paralysed         |       |       |       |     1 |       ||     1
       Confused          |       |       |       |       |     2 ||     2
  Eat: Chunk             |     1 |     5 |     6 |    16 |    10 ||    38
       Ration            |       |       |     1 |     3 |     2 ||     6
Armor: Skin              |     3 |     5 |    31 |    31 |    13 ||    83
Dodge: Dodged            |    22 |    41 |   111 |   311 |   158 ||   643
Block: Shield            |    31 |    50 |    87 |   323 |   121 ||   612
       Large shield      |       |       |       |       |   112 ||   112
       Rpst.: Long sword |    11 |    10 |     9 |       |    21 ||    51

Table legend:
 A = Non-vault XP
 B = Vault XP
 C = Vault XP percentage of total XP
 D = Non-vault monster count
 E = Vault monster count
 F = Vault count percentage of total count
                 A         B        C        D         E       F
            +---------+---------+-------+---------+---------+-------
      Total |   44983 |   15423 |  25.5 |     377 |     115 |  23.4
            +---------+---------+-------+---------+---------+-------
        D:1 |      62 |       0 |   0.0 |      33 |       0 |   0.0
        D:2 |      32 |       1 |   3.0 |      16 |       1 |   5.9
        D:3 |      78 |      88 |  53.0 |      22 |      12 |  35.3
        D:4 |     456 |     212 |  31.7 |      24 |      13 |  35.1
        D:5 |     395 |     691 |  63.6 |      10 |       8 |  44.4
        D:6 |     573 |     167 |  22.6 |      12 |       5 |  29.4
        D:7 |     567 |     439 |  43.6 |       6 |       1 |  14.3
        D:8 |    1698 |       0 |   0.0 |      25 |       0 |   0.0
        D:9 |    2371 |       0 |   0.0 |      44 |       0 |   0.0
       D:10 |    3189 |      92 |   2.8 |      20 |       1 |   4.8
       D:11 |    4353 |    1283 |  22.8 |      34 |       7 |  17.1
       D:12 |    4032 |    3323 |  45.2 |      24 |      10 |  29.4
       D:13 |    5652 |       0 |   0.0 |      26 |       0 |   0.0
       D:14 |    5530 |    4126 |  42.7 |      24 |       3 |  11.1
       D:15 |    5720 |       0 |   0.0 |      12 |       0 |   0.0
     Lair:1 |    5586 |       0 |   0.0 |      20 |       0 |   0.0
     Lair:2 |    3689 |    1312 |  26.2 |      20 |       7 |  25.9
     Lair:3 |     513 |       0 |   0.0 |       3 |       0 |   0.0
      Orc:1 |     487 |       0 |   0.0 |       2 |       0 |   0.0
      Sewer |       0 |     234 | 100.0 |       0 |      19 | 100.0
    Ossuary |       0 |     432 | 100.0 |       0 |      16 | 100.0
   Gauntlet |       0 |    3023 | 100.0 |       0 |      12 | 100.0
            +---------+---------+-------+---------+---------+-------
